 Dungeon Crawl Stone Soup version 0.32-a0-841-g4648e6c457 (webtiles) character file.

Game seed: 2627536951779325279

1474 Griffin23 the Carver (level 8, -5/71 HPs)
             Began as a Minotaur Fighter on Mar 26, 2024.
             Was an Initiate of Trog.
             Slain by a two-headed ogre
             ... wielding a +0 giant club
              (17 damage)
             ... on level 8 of the Dungeon.
             The game lasted 00:06:48 (6517 turns).

Griffin23 the Carver (Minotaur Fighter)             Turns: 6517, Time: 00:06:48

Health: -5/71      AC: 13    Str: 23    XL:     8   Next: 49%
Magic:  7/7        EV:  7    Int:  5    God:    Trog [......]
Gold:   553        SH:  5    Dex: 10    Spells: 7/7 levels left

rFire   . . .        a - +0 long sword
rCold   + . .        c - +0 buckler
rNeg    . . .        n - +0 chain mail
rPois   .            (helmet restricted)
rElec   .            p - +0 cloak
rCorr   .            d - +0 pair of gloves
SInv    .            (no boots)
Will    .....        (no amulet) Stlth
                     o - ring of protection from cold
HPRegen 0.31/turn    (no ring)
MPRegen 0.10/turn

%: no passive effects
@: no status effects
A: horns 2, retaliatory headbutt
a: Renounce Religion


You were on level 8 of the Dungeon.
You worshipped Trog.
Trog was noncommittal.
You visited 1 branch of the dungeon, and saw 8 of its levels.

You collected 553 gold pieces.

Inventory:

Hand Weapons
 a - a +0 long sword (weapon)
Armour
 b - a +0 scale mail
 c - a +0 buckler (worn)
 d - a +0 pair of gloves (worn)
 h - a +0 tower shield
 n - a +0 chain mail (worn)
 p - a +0 cloak (worn)
Jewellery
 o - a ring of protection from cold (left hand)
Wands
 r - a wand of acid (4)
 B - a wand of paralysis (5)
 C - a wand of digging (6)
Scrolls
 e - 3 scrolls of enchant armour
 g - a scroll of poison {unknown}
 i - 4 scrolls of enchant weapon
 j - 4 scrolls of teleportation
 m - a scroll of summoning {unknown}
 s - a scroll of revelation {unknown}
 u - a scroll of fear {unknown}
 v - a scroll of brand weapon {unknown}
 w - 2 scrolls of immolation {unknown}
 y - a scroll of torment {unknown}
 A - a scroll of amnesia {unknown}
Potions
 f - 2 potions of haste
 k - a potion of magic
 l - a potion of heal wounds
 q - a potion of invisibility {unknown}
 t - 2 potions of cancellation {unknown}
 x - 2 potions of resistance {unknown}
 z - 2 potions of curing {unknown}


   Skills:
 + Level 6.7 Fighting
 * Level 8.4 Long Blades
 + Level 6.6 Armour
 + Level 6.8 Shields


You had 7 spell levels left.
You didn't know any spells.
Your spell library contained the following spells:

 Spells                   Type           Power      Damage    Failure   Level
 Slow                     Hex            0%         N/A       97%         1
 Confusing Touch          Hex            0%         N/A       100%        3
 Stone Arrow              Conj/Erth      0%         3d7       100%        3
 Tukima's Dance           Hex            0%         N/A       100%        3
 Vampiric Draining        Necr           0%         2d6       100%        3
 Animate Armour           Summ/Erth      0%         N/A       100%        4
 Dimensional Bullseye     Hex/Tloc       0%         N/A       100%        4
 Iskenderun's Mystic Bla  Conj/Tloc      0%         2d3       100%        4
 Summon Blazeheart Golem  Fire/Summ      0%         N/A       100%        4
 Orb of Destruction       Conj           0%         9d5       100%        7
 Spellforged Servitor     Conj/Summ      0%         N/A       100%        7
 Lehudib's Crystal Spear  Conj/Erth      0%         10d2      100%        8


Dungeon Overview and Level Annotations

Branches:
Dungeon (8/15)             Temple (0/1) D:7
   Lair: D:8-11

Altars:
Qazlal
Trog
Vehumet
Wu Jian
Zin
The Shining One

Shops:
D:7 [


Innate Abilities, Weirdness & Mutations

You have a pair of horns on your head.
You reflexively headbutt those who attack you in melee.


Message History

A two-headed ogre is nearby!
You hit the two-headed ogre but do no damage.
The two-headed ogre is lightly wounded.
The two-headed ogre hits you but does no damage.
The two-headed ogre hits you with a +0 giant club.
You hit the two-headed ogre.
The two-headed ogre is lightly wounded.
You hit the two-headed ogre.
The two-headed ogre is moderately wounded.
You block the two-headed ogre's attack.
The two-headed ogre hits you with a +0 giant club!
You hit the two-headed ogre but do no damage.
The two-headed ogre is moderately wounded.
The two-headed ogre barely misses you.
The two-headed ogre hits you with a +0 giant club.
You hit the two-headed ogre.
The two-headed ogre is moderately wounded.
You slash the two-headed ogre!
The two-headed ogre is heavily wounded.
You block the two-headed ogre's attack.
The two-headed ogre hits you but does no damage.
You barely miss the two-headed ogre.
Your headbutt misses the two-headed ogre.
The two-headed ogre is heavily wounded.
The two-headed ogre hits you but does no damage.
You block the two-headed ogre's attack.
You hit the two-headed ogre but do no damage.
The two-headed ogre is heavily wounded.
You slash the two-headed ogre! You headbutt the two-headed ogre.
The two-headed ogre is severely wounded.
The two-headed ogre barely misses you.
The two-headed ogre hits you with a +0 giant club!!
* * * LOW HITPOINT WARNING * * *
You closely miss the two-headed ogre.
The two-headed ogre is severely wounded.
You hit the two-headed ogre.
The two-headed ogre is almost dead.
You block the two-headed ogre's attack.
The two-headed ogre hits you with a +0 giant club!
You die...

#..........#.####.#
#..........#.# #..
#..........#.# ##.
###'########.# #.
#.# ..# #.
###'#+#### #.
#.......... ##
#..........
#.@.......[
#.O........
+..........
#....?.....
..###+##### ##. .##
#...


You could see a two-headed ogre.

Vanquished Creatures
  2 water moccasins
  An orc warrior (D:7)
  An ice beast (D:7)
  A sky beast (D:6)
  An ogre (D:6)
  A centaur (D:5)
  A phantom (D:6)
  A scorpion (D:7)
  A gnoll sergeant (D:6)
  Crazy Yiuf (D:2)
  2 bombardier beetles
  2 orc priests
  A jelly (D:7)
  Ijyb (D:3)
  Jessica (D:2)
  Terence (D:3)
  3 iguanas
  2 orc wizards
  3 gnolls (D:6)
  6 adders
  A white imp (D:6)
  4 ufetubi
  4 ribbon worms
  3 dart slugs
  21 orcs
  13 ball pythons
  5 bats
  6 endoplasms
  2 giant cockroaches
  6 goblins
  5 hobgoblins
  8 jackals
  6 quokkas
  5 frilled lizards
  6 kobolds
  A rat (D:1)
129 creatures vanquished.

Vanquished Creatures (others)
  An orc wizard (D:3)
1 creature vanquished.

Grand Total: 130 creatures vanquished

Notes
Turn   | Place    | Note
-------+----------+-------------------------------------------
     0 | D:1      | Griffin23 the Minotaur Fighter began the quest for the Orb.
     0 | D:1      | Reached XP level 1. HP: 19/19 MP: 0/0
   347 | D:1      | Reached XP level 2. HP: 27/27 MP: 1/1
   742 | D:1      | Reached skill level 3 in Long Blades
  1273 | D:2      | Reached XP level 3. HP: 22/33 MP: 2/2
  1725 | D:2      | Reached XP level 4. HP: 40/40 MP: 3/3
  1834 | D:2      | Found a runed translucent door.
  1835 | D:2      | Noticed Crazy Yiuf
  1984 | D:2      | Found a faded altar of an unknown god.
  2035 | D:2      | Noticed Jessica
  2041 | D:2      | Killed Jessica
  2042 | D:2      | Reached skill level 4 in Long Blades
  2161 | D:2      | Killed Crazy Yiuf
  2162 | D:2      | Reached XP level 5. HP: 47/47 MP: 4/4
  2444 | D:3      | Noticed Ijyb
  2449 | D:3      | Killed Ijyb
  2603 | D:3      | Noticed Terence
  2621 | D:3      | Killed Terence
  2622 | D:3      | Reached skill level 5 in Long Blades
  2874 | D:3      | Reached XP level 6. HP: 55/55 MP: 5/5
  2889 | D:3      | Reached skill level 5 in Shields
  3000 | D:3      | Found a glowing silver altar of Zin.
  3407 | D:4      | Reached skill level 5 in Fighting
  3407 | D:4      | Reached skill level 5 in Armour
  3893 | D:5      | Entered Level 5 of the Dungeon
  3929 | D:5      | Noticed a water moccasin
  3955 | D:5      | Killed a water moccasin
  4040 | D:5      | Reached skill level 6 in Long Blades
  4069 | D:5      | Reached XP level 7. HP: 24/61 MP: 6/6
  4236 | D:5      | Identified the +7 short sword "Newt's Undoing" {heavy,
                  | ^Fragile MP+9 Dex+4}
  4390 | D:5      | You fall into a shaft and drop 2 floors!
  4783 | D:5      | Found a glowing golden altar of the Shining One.
  4783 | D:5      | Found a bloodstained altar of Trog.
  4786 | D:5      | Found a stormy altar of Qazlal.
  4793 | D:5      | Became a worshipper of Trog the Wrathful
  5067 | D:6      | Reached skill level 7 in Long Blades
  5255 | D:6      | Found an ornate altar of the Wu Jian Council.
  5260 | D:6      | Found a radiant altar of Vehumet.
  5520 | D:6      | Reached XP level 8. HP: 35/70 MP: 7/7
  5770 | D:7      | Found a staircase to the Ecumenical Temple.
  6062 | D:7      | Reached skill level 8 in Long Blades
  6345 | D:7      | Found Ebbista's Armour Emporium.
  6501 | D:8      | Noticed a two-headed ogre
  6517 | D:8      | Slain by a two-headed ogre

Illustrated notes

Levels and vault maps discovered:
D:1:      dpeg_arrival_circle_labyrinth_b, layout_loops_corners
D:2:      minmay_skewed_foursquare, layout_basic,
          shapermc_ecumenical_altar_petra, uniq_jessica, uniq_crazy_yiuf_cottage
D:3:      layout_loops_ring, lemuel_doored_altar, serial_rivers,
          chequers_serial_rivers_micro_a, chequers_serial_rivers_room_b,
          chequers_serial_rivers_small_a, chequers_serial_rivers_large_b,
          chequers_serial_rivers_marsh, uniq_ijyb, uniq_terence
D:4:      layout_cave_pools, grunt_ministairs_6
D:5:      layout_basic, chequers_temple_overflow_statue_of_worship
D:6:      layout_basic, mainiacjoe_overflow_big_doors, minmay_gold_behind_fungi,
          patterned_corridor
D:7:      layout_basic, minmay_temple_entry_tees, serial_shops, shop
D:8:      layout_basic, minmay_diamond_spiral

Skill      XL: |  1  2  3  4  5  6  7  8 |
---------------+-------------------------+-----
Long Blades    | 3 4 5 6 7 8 |  8.4
Armour         | 4 5 6 |  6.6
Fighting       | 4 5 6 |  6.7
Shields        | 4 5 6 |  6.8

Action                     |  1- 3 |  4- 6 |  7- 9 || total
---------------------------+-------+-------+-------++-------
  Melee: Long sword        |   108 |   179 |   179 ||   466
         Headbutt          |    11 |    33 |    35 ||    79
    Use: Potion            |       |     2 |     1 ||     3
         Scroll            |       |     5 |       ||     5
 Armour: Scale mail        |   107 |       |       ||   107
         Chain mail        |    11 |   186 |   154 ||   351
  Dodge: Dodged            |    47 |    65 |    51 ||   163
  Block: Buckler           |    30 |    27 |    41 ||    98

Table legend: (Time is in decaauts)
 A = Elapsed time spent in this place.
 B = Non-inter-level travel time spent in this place.
 C = Inter-level travel time spent in this place.
 D = Time resting spent in this place.
 E = Time spent auto-exploring this place.
 F = Levels seen in this place.
 G = Mean time per level.
                   A        B        C        D        E       F      G
               +--------+--------+--------+--------+--------+-----+--------+
         Total |   6636 |   6370 |    266 |     37 |   5273 |   8 |  829.5 |
       Dungeon |   6636 |   6370 |    266 |     37 |   5273 |   8 |  829.5 |
               +--------+--------+--------+--------+--------+-----+--------+

Top non-repeatable levels by time:
     D:1: 1201 daAuts
     D:3: 1176 daAuts
     D:6: 1125 daAuts
     D:2: 1048 daAuts
     D:7: 816 daAuts
     D:5: 627 daAuts
     D:4: 571 daAuts
     D:8: 70 daAuts
